Map: Pasożyt ER

Players

khronosz

  • Race: Protoss Protoss
  • League: Diamond
  • Spawn Location: 5:00

Okejka - Winner!

  • Race: Protoss Protoss
  • League: Diamond
  • Spawn Location: 11:00

VOD

Have the link to the VOD?

Description

Time

  • Played on: Dec. 31, 2018, 2:37 p.m.
  • Length: 6:20
Show
View Real Time Build Order
Export as new Build Order

khronosz Protoss 

Build Orders: Oracle Opening 

Get SALT Encoding   

  1  0:00  Probe  
  12  0:06  Probe  
  14  0:17  Pylon  
  14  0:21  Probe  
  15  0:36  Gateway  
  15  0:41  Assimilator  
  16  0:42  Probe  
  16  0:49  Assimilator  
  16  0:56  Probe  
  17  1:06  Gateway  
  17  1:10  Probe  
  18  1:22  Probe  
  19  1:26  Cybernetics Core  
  19  1:34  Pylon  
  19  1:37  Probe  
  20  1:46  Pylon  
  20  1:51  Probe  
  21  2:03  Stargate  
  21  2:10  Adept  
  21  2:14  Probe  
  24  2:26  Probe  
  24  2:29  Shield Battery  
  25  2:38  Sentry  
  25  2:42  Oracle  
  25  2:43  Shield Battery  
  4  4:06  Nexus  
  4  4:54  Void Ray  
Show
View Real Time Build Order
Export as new Build Order

Okejka Protoss - Winner!

Build Orders:  

Get SALT Encoding   

  12  0:00  Probe  
  13  0:20  Probe  
  14  0:28  Probe  
  14  0:33  Pylon  
  15  0:41  Pylon  
  15  0:59  Gateway  
  15  1:01  Gateway  
  15  1:09  Gateway  
  15  1:20  Gateway  
  15  1:25  Probe  
  16  1:46  Zealot  
  18  1:48  Zealot  
  20  1:57  Zealot  
  22  2:07  Zealot  
  24  2:09  Zealot  
  26  2:15  Zealot  
  28  2:24  Zealot  
  30  2:35  Pylon  
  30  2:53  Zealot x3  
  36  3:06  Zealot  
  38  3:26  Zealot  
  38  3:27  Zealot  
  38  3:29  Zealot  
  38  3:33  Zealot  
  31  3:53  Zealot  
  31  3:55  Zealot  
  35  3:56  Zealot  
Tags
 
Add a new tag
Caveats
  • Supply blocks, unpowered buildings, or Contaminate may cause inaccurate times.
  • Supply counts are checked every 10 seconds.